[Event "CCCSA GM Norm A 2019"]
[Site "Charlotte"]
[Date "2019.06.06"]
[Round "2.1"]
[White "Ringoir, Tanguy"]
[Black "Ostrovskiy, Aleksandr"]
[Result "1/2-1/2"]
[ECO "E04"]
[WhiteElo "2500"]
[BlackElo "2437"]
[Annotator "RC"]
[PlyCount "29"]
[EventDate "2019.06.05"]
[EventType "tourn"]
[EventCountry "USA"]
[SourceTitle "playchess.com"]
[Source "ChessBase"]
[SourceQuality "1"]
[TimeControl "5400+30"]

1. d4 d5 2. c4 e6 3. Nf3 Nf6 4. g3 dxc4 5. Bg2 Bb4+ 6. Bd2 c5 7. Bxb4 cxb4 8. Ne5 O-O 9. a3 Nd5 10. Nxc4 b5 11. Ne5 Bb7 12. O-O bxa3 13. Nxa3 a6 14. Nc2 Nd7 15. Nd3 1/2-1/2

[Event "CCCSA GM Norm A 2019"]
[Site "Charlotte"]
[Date "2019.06.07"]
[Round "3.1"]
[White "Korley, Kassa"]
[Black "Ringoir, Tanguy"]
[Result "1/2-1/2"]
[ECO "A14"]
[WhiteElo "2430"]
[BlackElo "2500"]
[Annotator "RC"]
[PlyCount "20"]
[EventDate "2019.06.05"]
[EventType "tourn"]
[EventCountry "USA"]
[SourceTitle "playchess.com"]
[Source "ChessBase"]
[SourceQuality "1"]
[TimeControl "5400+30"]

1. Nf3 d5 2. g3 Nf6 3. Bg2 e6 4. O-O Be7 5. c4 O-O 6. d3 c5 7. cxd5 Nxd5 8. d4 cxd4 9. Nxd4 Nc6 10. Nxc6 bxc6 1/2-1/2

[Event "CCCSA GM Norm A 2019"]
[Site "Charlotte"]
[Date "2019.06.07"]
[Round "3.4"]
[White "Jacobson, Brandon"]
[Black "Gauri, Shankar"]
[Result "1-0"]
[ECO "D12"]
[WhiteElo "2486"]
[BlackElo "2378"]
[Annotator "RC"]
[PlyCount "67"]
[EventDate "2019.06.05"]
[EventType "tourn"]
[EventCountry "USA"]
[SourceTitle "playchess.com"]
[Source "ChessBase"]
[SourceQuality "1"]
[TimeControl "5400+30"]

1. c4 c6 2. Nf3 d5 3. d4 Nf6 4. e3 Bf5 5. Nc3 e6 6. Nh4 Be4 7. f3 Bg6 8. Qb3 Qc7 9. Bd2 Be7 10. cxd5 cxd5 11. Nxg6 hxg6 12. O-O-O Nc6 13. Kb1 O-O 14. Rc1 a6 15. Qd1 Rac8 16. g4 b5 17. g5 Ne8 18. e4 dxe4 19. fxe4 Qd8 20. d5 Ne5 21. Bf4 Nc4 22. h4 e5 23. Bxc4 exf4 24. Bb3 Bd6 25. Qg4 b4 26. h5 bxc3 27. hxg6 fxg6 28. Qe6+ Rf7 29. Rh8+ Kxh8 30. Qxf7 c2+ 31. Bxc2 Qxg5 32. Rh1+ Qh5 33. Rxh5+ gxh5 34. e5 1-0

[Event "CCCSA GM Norm A 2019"]
[Site "Charlotte"]
[Date "2019.06.07"]
[Round "4.2"]
[White "Gauri, Shankar"]
[Black "Grigoryan, Karen H."]
[Result "0-1"]
[ECO "E04"]
[WhiteElo "2378"]
[BlackElo "2547"]
[Annotator "RC"]
[PlyCount "88"]
[EventDate "2019.06.05"]
[EventType "tourn"]
[EventCountry "USA"]
[SourceTitle "playchess.com"]
[Source "ChessBase"]
[SourceQuality "1"]
[TimeControl "5400+30"]

1. Nf3 Nf6 2. c4 e6 3. g3 d5 4. d4 dxc4 5. Bg2 Nc6 6. Qa4 Bb4+ 7. Bd2 Nd5 8. Bxb4 Ndxb4 9. O-O Rb8 10. Na3 O-O 11. Qb5 b6 12. Qxc4 Ba6 13. Nb5 Qd5 14. Qxd5 Nxd5 15. a4 Na5 16. Ne5 Rbd8 17. Bxd5 Bxb5 18. Bf3 Ba6 19. Rac1 c5 20. dxc5 Nb3 21. c6 Nxc1 22. Rxc1 f6 23. Nd7 Rf7 24. a5 bxa5 25. Nc5 Bc8 26. Ra1 e5 27. g4 g6 28. Nb7 Rd2 29. Rxa5 Rc7 30. b4 Rd1+ 31. Kg2 Rd4 32. Bd5+ Kf8 33. e4 Rxb4 34. Rxa7 f5 35. Ra8 Ke7 36. gxf5 gxf5 37. exf5 Rd4 38. f6+ Kxf6 39. Ra5 Rg7+ 40. Kf3 Rg1 41. Ke2 Bh3 42. Nc5 Rxd5 43. Ne4+ Ke6 44. c7 Bf1+ 0-1

[Event "CCCSA GM Norm A 2019"]
[Site "Charlotte"]
[Date "2019.06.08"]
[Round "5.1"]
[White "Jacobson, Brandon"]
[Black "Ringoir, Tanguy"]
[Result "0-1"]
[ECO "A21"]
[WhiteElo "2486"]
[BlackElo "2500"]
[Annotator "RC"]
[PlyCount "104"]
[EventDate "2019.06.05"]
[EventType "tourn"]
[EventCountry "USA"]
[SourceTitle "playchess.com"]
[Source "ChessBase"]
[SourceQuality "1"]
[TimeControl "5400+30"]

1. c4 e5 2. Nc3 Bb4 3. Nd5 Bc5 4. Nf3 c6 5. Nc3 d6 6. e3 Qe7 7. d4 exd4 8. Nxd4 Nf6 9. Be2 O-O 10. O-O d5 11. cxd5 cxd5 12. b3 Nc6 13. Nxc6 bxc6 14. Bb2 Bd6 15. Rc1 Bd7 16. Bf3 Rfe8 17. Re1 h5 18. g3 Ng4 19. Rc2 Qg5 20. e4 h4 21. exd5 Nxh2 22. Ne4 Nxf3+ 23. Qxf3 Qg6 24. Rce2 Bf8 25. Qd3 hxg3 26. Qxg3 Qxg3+ 27. Nxg3 cxd5 28. Rxe8 Rxe8 29. Rxe8 Bxe8 30. Bd4 a6 31. f3 f6 32. Kf2 Kf7 33. Ke3 Ke6 34. Ne2 g5 35. a4 Bd6 36. Bc3 Bd7 37. Bd4 Be5 38. Bc5 Kf5 39. Nd4+ Kg6 40. Ne2 Kh5 41. Bd4 Kh4 42. Nc3 Bxd4+ 43. Kxd4 Kg3 44. Nxd5 f5 45. Nf6 Bc8 46. Ke3 a5 47. Nh7 f4+ 48. Kd2 Kh4 49. Nf6 Bb7 50. Nd7 Bxf3 51. Ne5 Bd5 52. Nc4 g4 0-1

[Event "CCCSA GM Norm A 2019"]
[Site "Charlotte"]
[Date "2019.06.08"]
[Round "5.2"]
[White "Yoo, Christopher Woojin"]
[Black "Ostrovskiy, Aleksandr"]
[Result "0-1"]
[ECO "B12"]
[WhiteElo "2430"]
[BlackElo "2437"]
[Annotator "ChessBase"]
[PlyCount "190"]
[EventDate "2019.06.05"]
[EventType "tourn"]
[EventCountry "USA"]
[SourceTitle "playchess.com"]
[Source "ChessBase"]
[SourceQuality "1"]
[TimeControl "5400+30"]

1. e4 c6 2. d4 d5 3. e5 c5 4. dxc5 e6 5. a3 Bxc5 6. b4 Be7 7. Nf3 a5 8. b5 Nd7 9. Be2 f6 10. exf6 Bxf6 11. Ra2 Qc7 12. c4 Ne7 13. Rc2 Nc5 14. cxd5 Nxd5 15. Bc4 b6 16. Bxd5 exd5 17. O-O O-O 18. Qxd5+ Be6 19. Rxc5 Qe7 20. Qe4 bxc5 21. Ng5 Bxg5 22. Bxg5 Qf7 23. Nd2 Bd5 24. Qd3 c4 25. Qg3 Rac8 26. Nb1 Rfe8 27. Nc3 Bb7 28. f4 Qf5 29. Rd1 Qc5+ 30. Qf2 Qxa3 31. Qd4 Qb2 32. Qd2 Qxd2 33. Rxd2 Re3 34. Rc2 h6 35. Bh4 Rd3 36. Kf2 Re8 37. Na4 c3 38. Rxc3 Rd2+ 39. Kg3 Rxg2+ 40. Kh3 Rg1 41. Bg3 Rb1 42. Rc5 Bc8+ 43. Kh4 Bd7 44. Nc3 Rb3 45. Bf2 Rc8 46. Rd5 Be6 47. Re5 Rcxc3 48. Rxe6 Rxb5 49. Bd4 Rc4 50. Rd6 Rbb4 51. Be5 Rxf4+ 52. Bxf4 Rxf4+ 53. Kg3 Ra4 54. Ra6 Kh7 55. h4 h5 56. Kh3 g6 57. Ra7+ Kg8 58. Ra6 Kf7 59. Ra7+ Kf6 60. Ra8 Ra3+ 61. Kh2 Kf5 62. Ra6 Ra2+ 63. Kg3 Ra4 64. Kh3 Ra1 65. Kh2 Ra3 66. Kg2 Ra1 67. Kh2 g5 68. hxg5 Kxg5 69. Ra8 Ra2+ 70. Kh3 Ra1 71. Ra7 a4 72. Ra5+ Kf4 73. Kg2 h4 74. Kh3 a3 75. Ra8 Ke4 76. Kg2 Kd3 77. Rf8 Re1 78. Ra8 Re2+ 79. Kf3 Ra2 80. Rf8 Kc3 81. Rc8+ Kb2 82. Rb8+ Ka1 83. Rb3 h3 84. Re3 h2 85. Re1+ Kb2 86. Kg2 h1=Q+ 87. Rxh1 Kb3+ 88. Kf3 Rb2 89. Re1 a2 90. Re3+ Ka4 91. Re7 Rb3+ 92. Ke2 Ra3 93. Ra7+ Kb4 94. Rb7+ Kc5 95. Rc7+ Kd6 0-1

[Event "CCCSA GM Norm A 2019"]
[Site "Charlotte"]
[Date "2019.06.08"]
[Round "5.3"]
[White "Korley, Kassa"]
[Black "Zierk, Steven"]
[Result "0-1"]
[ECO "A11"]
[WhiteElo "2430"]
[BlackElo "2501"]
[Annotator "RC"]
[PlyCount "118"]
[EventDate "2019.06.05"]
[EventType "tourn"]
[EventCountry "USA"]
[SourceTitle "playchess.com"]
[Source "ChessBase"]
[SourceQuality "1"]
[TimeControl "5400+30"]

1. Nf3 d5 2. g3 Nf6 3. Bg2 c6 4. O-O Bf5 5. d3 h6 6. c4 e6 7. Qb3 Qb6 8. Be3 Qxb3 9. axb3 a6 10. h3 Nbd7 11. Nd4 Bh7 12. f4 Bd6 13. Bf2 O-O 14. Nc3 Rfe8 15. cxd5 exd5 16. Bf3 g5 17. fxg5 hxg5 18. Kg2 Ne5 19. Nc2 g4 20. hxg4 Nfxg4 21. Bxg4 Nxg4 22. Bb6 Re5 23. Ra4 Rg5 24. Rh1 Re8 25. Rh4 Nf6 26. Bf2 c5 27. Ra5 Bf5 28. Rxc5 Bxc5 29. Bxc5 Rh5 30. Rxh5 Nxh5 31. Ne3 Be6 32. Kf3 Rd8 33. Bd4 Kh7 34. Na4 Kg6 35. Nc5 Bc8 36. b4 Ng7 37. Be5 Ne6 38. Nxe6 Bxe6 39. Nc2 Re8 40. Bc3 Kh5 41. Ne3 Kg5 42. Bd2 Kg6 43. Bc3 Kh5 44. Kf4 Kg6 45. Nc2 f6 46. Nd4 Bd7 47. Kf3 Kh5 48. Kf4 Bg4 49. e3 Bh3 50. Nb3 Kg6 51. Nc5 Bg2 52. g4 Re7 53. Kg3 Bf1 54. Kf2 Bh3 55. e4 b6 56. exd5 bxc5 57. d6 Re8 58. bxc5 Bxg4 59. c6 Rc8 0-1

[Event "CCCSA GM Norm A 2019"]
[Site "Charlotte"]
[Date "2019.06.08"]
[Round "6.2"]
[White "Hong, Andrew"]
[Black "Wang, Tianqi"]
[Result "1/2-1/2"]
[ECO "C54"]
[WhiteElo "2414"]
[BlackElo "2333"]
[Annotator "ChessBase"]
[PlyCount "114"]
[EventDate "2019.06.05"]
[EventType "tourn"]
[EventCountry "USA"]
[SourceTitle "playchess.com"]
[Source "ChessBase"]
[SourceQuality "1"]
[TimeControl "5400+30"]

1. e4 e5 2. Nf3 Nc6 3. Bc4 Bc5 4. O-O Nf6 5. d3 d6 6. c3 O-O 7. h3 a6 8. Re1 Ba7 9. Bb3 Ne7 10. Nbd2 Ng6 11. Nf1 c6 12. Ng3 d5 13. exd5 Nxd5 14. d4 exd4 15. Nxd4 Bb6 16. Ndf5 Be6 17. Bc2 Qc7 18. Bg5 Rae8 19. Qg4 Ne5 20. Qe4 Bxf5 21. Nxf5 g6 22. Nd4 Nc4 23. Qxe8 Rxe8 24. Rxe8+ Kg7 25. Rae1 Bxd4 26. cxd4 Nxb2 27. Ra8 h6 28. Bc1 Nc4 29. Bb3 Ncb6 30. Rae8 a5 31. Ba3 a4 32. Bd1 Qf4 33. Bf3 Qd2 34. Bd6 Nc4 35. Bf8+ Kf6 36. Rd1 Qxa2 37. Bxh6 Qb3 38. Rde1 Nd6 39. Rd8 Nf5 40. Bxd5 cxd5 41. Bf4 Ng7 42. Rd7 g5 43. Ree7 gxf4 44. Rxf7+ Ke6 45. Rxg7 Qd1+ 46. Kh2 Qxd4 47. Rxb7 Qxf2 48. Ra7 Qc2 49. Rgc7 Qb3 50. Rc6+ Ke5 51. Rca6 Qg3+ 52. Kg1 Qe1+ 53. Kh2 Qg3+ 54. Kg1 f3 55. Re7+ Kd4 56. Rxa4+ Kc5 57. Rg4 Qd6 1/2-1/2

[Event "CCCSA GM Norm A 2019"]
[Site "Charlotte"]
[Date "2019.06.08"]
[Round "6.3"]
[White "Zierk, Steven"]
[Black "Gauri, Shankar"]
[Result "1-0"]
[ECO "E11"]
[WhiteElo "2501"]
[BlackElo "2378"]
[Annotator "ChessBase"]
[PlyCount "57"]
[EventDate "2019.06.05"]
[EventType "tourn"]
[EventCountry "USA"]
[SourceTitle "playchess.com"]
[Source "ChessBase"]
[SourceQuality "1"]
[TimeControl "5400+30"]

1. d4 Nf6 2. c4 e6 3. g3 Bb4+ 4. Bd2 Qe7 5. Bg2 Nc6 6. Nf3 Bxd2+ 7. Nbxd2 d6 8. O-O O-O 9. a3 a5 10. e4 e5 11. d5 Nb8 12. b4 Na6 13. Qb3 Bg4 14. Rfc1 c6 15. dxc6 bxc6 16. c5 dxc5 17. bxa5 Bxf3 18. Nxf3 Nc7 19. Qb6 Nxe4 20. Qxc6 f5 21. Nh4 Rxa5 22. Nxf5 Rxf5 23. Qxe4 Qf8 24. Rd1 Rxf2 25. Rd7 Ne8 26. Qxe5 Rc2 27. Bd5+ Kh8 28. Rf7 Qg8 29. Re7 1-0

[Event "CCCSA GM Norm A 2019"]
[Site "Charlotte"]
[Date "2019.06.08"]
[Round "6.4"]
[White "Ostrovskiy, Aleksandr"]
[Black "Jacobson, Brandon"]
[Result "1-0"]
[ECO "B13"]
[WhiteElo "2437"]
[BlackElo "2486"]
[Annotator "ChessBase"]
[PlyCount "65"]
[EventDate "2019.06.05"]
[EventType "tourn"]
[EventCountry "USA"]
[SourceTitle "playchess.com"]
[Source "ChessBase"]
[SourceQuality "1"]
[TimeControl "5400+30"]

1. e4 c6 2. d4 d5 3. exd5 cxd5 4. Bd3 Nc6 5. c3 Qc7 6. Ne2 Bg4 7. O-O e6 8. Qe1 Be7 9. Ng3 g6 10. f3 Bf5 11. Nxf5 gxf5 12. a4 Bd6 13. Qh4 Nce7 14. Na3 a6 15. g3 Ng6 16. Qh3 h5 17. Bg5 Be7 18. Bd2 Nf6 19. Nc2 O-O-O 20. Kh1 Ng4 21. fxg4 hxg4 22. Qg2 Bd6 23. Be1 Rh3 24. Ne3 Nh4 25. Qxh3 gxh3 26. gxh4 Rg8 27. Rf3 Bxh2 28. Bf2 Rg6 29. Rxh3 f4 30. Bxg6 fxe3 31. Bxe3 Bd6 32. Bd3 Qc6 33. h5 1-0

[Event "CCCSA GM Norm A 2019"]
[Site "Charlotte"]
[Date "2019.06.08"]
[Round "6.5"]
[White "Korley, Kassa"]
[Black "Yoo, Christopher Woojin"]
[Result "1/2-1/2"]
[ECO "A48"]
[WhiteElo "2430"]
[BlackElo "2430"]
[Annotator "ChessBase"]
[PlyCount "98"]
[EventDate "2019.06.05"]
[EventType "tourn"]
[EventCountry "USA"]
[SourceTitle "playchess.com"]
[Source "ChessBase"]
[SourceQuality "1"]
[TimeControl "5400+30"]

1. d4 Nf6 2. Bf4 g6 3. e3 Bg7 4. Nf3 O-O 5. Be2 d6 6. h3 b6 7. O-O Bb7 8. c3 Nbd7 9. a4 a5 10. Nbd2 Ne4 11. Nxe4 Bxe4 12. Nd2 Bb7 13. Bf3 Qc8 14. Qb3 e5 15. Bg3 Re8 16. Rfd1 Nf6 17. dxe5 dxe5 18. Bxb7 Qxb7 19. Bh4 Qc6 20. Bxf6 Bxf6 21. Qc4 Re6 22. Qxc6 Rxc6 23. Kf1 Be7 24. Ke2 Rd8 25. e4 f6 26. Nf1 Rxd1 27. Kxd1 f5 28. Ke2 Kf7 29. exf5 gxf5 30. Ne3 f4 31. Nf1 Rg6 32. g3 Rh6 33. h4 fxg3 34. fxg3 Rg6 35. Kf3 Rf6+ 36. Ke2 Rg6 37. Rd1 Ke6 38. b3 e4 39. Rd4 Kf5 40. Ne3+ Ke5 41. Rd7 Bc5 42. Nf1 Rf6 43. Rxh7 Rf2+ 44. Ke1 Ra2 45. Rh5+ Ke6 46. Nd2 Ra1+ 47. Ke2 Ra2 48. Ke1 Ra1+ 49. Ke2 Ra2 1/2-1/2

[Event "CCCSA GM Norm A 2019"]
[Site "Charlotte"]
[Date "2019.06.09"]
[Round "7.2"]
[White "Jacobson, Brandon"]
[Black "Korley, Kassa"]
[Result "0-1"]
[ECO "B11"]
[WhiteElo "2486"]
[BlackElo "2430"]
[Annotator "RC"]
[PlyCount "102"]
[EventDate "2019.06.05"]
[EventType "tourn"]
[EventCountry "USA"]
[SourceTitle "playchess.com"]
[Source "ChessBase"]
[SourceQuality "1"]
[TimeControl "5400+30"]

1. e4 c6 2. Nc3 d5 3. Nf3 Bg4 4. h3 Bxf3 5. Qxf3 Nf6 6. Be2 e6 7. Qf4 g6 8. exd5 exd5 9. d4 Bg7 10. Qe3+ Kf8 11. Qg3 Nbd7 12. O-O Ne8 13. Be3 h5 14. Bd3 h4 15. Qg4 Ndf6 16. Qe2 Nd6 17. Bf4 Nh5 18. Be5 Ne8 19. Rae1 Bxe5 20. dxe5 Nf4 21. Qg4 Nxd3 22. cxd3 Ng7 23. Ne2 Ne6 24. f4 Rh5 25. f5 Rxf5 26. Rxf5 gxf5 27. Qxf5 Qg5 28. Qxg5 Nxg5 29. Nd4 Ne6 30. Nf5 Nf4 31. d4 b6 32. Nxh4 Ke7 33. Kh2 c5 34. Rf1 Nd3 35. Rf6 Nxb2 36. Nf5+ Kd7 37. Rxf7+ Kc6 38. e6 c4 39. Ng7 c3 40. e7 c2 41. e8=Q+ Rxe8 42. Nxe8 Kb5 43. Rf1 Nd1 44. Nd6+ Ka4 45. Rf7 c1=Q 46. Rxa7+ Kb4 47. a3+ Kb3 48. Rf7 Kxa3 49. Nb5+ Kb4 50. Nc7 Ne3 51. h4 Qb2 0-1

[Event "CCCSA GM Norm A 2019"]
[Site "Charlotte"]
[Date "2019.06.09"]
[Round "7.3"]
[White "Grigoryan, Karen H."]
[Black "Ostrovskiy, Aleksandr"]
[Result "1-0"]
[ECO "D35"]
[WhiteElo "2547"]
[BlackElo "2437"]
[Annotator "RC"]
[PlyCount "97"]
[EventDate "2019.06.05"]
[EventType "tourn"]
[EventCountry "USA"]
[SourceTitle "playchess.com"]
[Source "ChessBase"]
[SourceQuality "1"]
[TimeControl "5400+30"]

1. c4 e6 2. Nf3 d5 3. e3 Nf6 4. d4 b6 5. Nc3 Bd6 6. b3 O-O 7. Bb2 Bb7 8. Be2 Nbd7 9. O-O a6 10. Qc2 Qe7 11. cxd5 exd5 12. Nh4 g6 13. Nf3 Rac8 14. Rad1 Rfe8 15. Rfe1 Rcd8 16. Bf1 Ne4 17. g3 f5 18. Bg2 Rf8 19. Rc1 Rf7 20. Re2 Re8 21. Rd1 c6 22. Ree1 a5 23. Na4 Qd8 24. Ba1 Bb4 25. Rf1 Bd6 26. Nb2 Ng5 27. Ne5 Nxe5 28. dxe5 Bxe5 29. f4 Bg7 30. fxg5 Qxg5 31. Na4 Qxe3+ 32. Qf2 Bh6 33. Bd4 Qxf2+ 34. Bxf2 b5 35. Nc5 Bc8 36. Nd3 Bg7 37. Rc1 Bd7 38. Bb6 a4 39. bxa4 bxa4 40. Nc5 Re2 41. Nxd7 Rxd7 42. Rf2 Rxf2 43. Bxf2 Rb7 44. Rxc6 Rb1+ 45. Bf1 a3 46. Rc8+ Kf7 47. Rc7+ Kg8 48. Rd7 Rb2 49. Rxd5 1-0

[Event "CCCSA GM Norm A 2019"]
[Site "Charlotte"]
[Date "2019.06.09"]
[Round "7.5"]
[White "Gauri, Shankar"]
[Black "Hong, Andrew"]
[Result "0-1"]
[ECO "D77"]
[WhiteElo "2378"]
[BlackElo "2414"]
[Annotator "RC"]
[PlyCount "74"]
[EventDate "2019.06.05"]
[EventType "tourn"]
[EventCountry "USA"]
[SourceTitle "playchess.com"]
[Source "ChessBase"]
[SourceQuality "1"]
[TimeControl "5400+30"]

1. Nf3 d5 2. g3 g6 3. Bg2 Bg7 4. d4 Nf6 5. O-O O-O 6. c4 dxc4 7. Na3 c5 8. Nxc4 Be6 9. b3 Nc6 10. Bb2 cxd4 11. Nxd4 Nxd4 12. Bxd4 b6 13. Ne5 Bd5 14. Nc6 Bxc6 15. Bxc6 Rc8 16. Bg2 Qd6 17. e3 Rc7 18. Rc1 Rfc8 19. Rxc7 Qxc7 20. a4 Ne8 21. Bxg7 Kxg7 22. Qd4+ Kg8 23. Rd1 Nd6 24. e4 Nb7 25. Qd7 Nc5 26. Qb5 Rd8 27. Rc1 Qd6 28. Bf3 Qf6 29. Kg2 Rd3 30. Be2 Rd2 31. Qc4 Qb2 32. Re1 Kg7 33. Rb1 Qxb1 34. Qc3+ e5 35. Qxe5+ Kf8 36. Qb8+ Ke7 37. Qe5+ Ne6 0-1

[Event "CCCSA GM Norm A 2019"]
[Site "Charlotte"]
[Date "2019.06.09"]
[Round "8.1"]
[White "Ringoir, Tanguy"]
[Black "Gauri, Shankar"]
[Result "1/2-1/2"]
[ECO "E08"]
[WhiteElo "2500"]
[BlackElo "2378"]
[Annotator "ChessBase"]
[PlyCount "69"]
[EventDate "2019.06.05"]
[EventType "tourn"]
[EventCountry "USA"]
[SourceTitle "playchess.com"]
[Source "ChessBase"]
[SourceQuality "1"]
[TimeControl "5400+30"]

1. d4 Nf6 2. c4 e6 3. g3 Bb4+ 4. Bd2 Be7 5. Bg2 d5 6. Nf3 c6 7. Qc2 O-O 8. O-O b6 9. Bf4 Bb7 10. Rd1 Nbd7 11. Ne5 Nh5 12. Bd2 Nhf6 13. cxd5 cxd5 14. Nc6 Bxc6 15. Qxc6 Rc8 16. Qb5 Ne8 17. e3 Nd6 18. Qe2 b5 19. Be1 Qb6 20. Nc3 Nf6 21. Bf1 Rb8 22. Rdc1 Nc4 23. b3 Na3 24. Qb2 Rfc8 25. Bd3 a6 26. Ne2 b4 27. Rxc8+ Rxc8 28. Rc1 Qb7 29. f3 g6 30. Bd2 Ne8 31. e4 dxe4 32. Bxe4 Qd7 33. Rxc8 Qxc8 34. Nf4 Nf6 35. Kg2 1/2-1/2

[Event "CCCSA GM Norm A 2019"]
[Site "Charlotte"]
[Date "2019.06.09"]
[Round "8.2"]
[White "Zierk, Steven"]
[Black "Hong, Andrew"]
[Result "0-1"]
[ECO "E04"]
[WhiteElo "2501"]
[BlackElo "2414"]
[Annotator "ChessBase"]
[PlyCount "100"]
[EventDate "2019.06.05"]
[EventType "tourn"]
[EventCountry "USA"]
[SourceTitle "playchess.com"]
[Source "ChessBase"]
[SourceQuality "1"]
[TimeControl "5400+30"]

1. d4 d5 2. c4 e6 3. Nf3 Nf6 4. g3 dxc4 5. Bg2 Bb4+ 6. Bd2 a5 7. a3 Bxd2+ 8. Nbxd2 b5 9. a4 c6 10. O-O O-O 11. Qc2 Ba6 12. Rfd1 Nbd7 13. Ne5 Nxe5 14. dxe5 Nd5 15. b3 Qc7 16. bxc4 bxc4 17. Nxc4 Nb4 18. Qe4 Bxc4 19. Qxc4 Qxe5 20. Rac1 Rac8 21. Qc5 Qc7 22. Rd4 Rfd8 23. Rdc4 Rd6 24. Qh5 Rcd8 25. Bf3 Rd1+ 26. Rxd1 Rxd1+ 27. Kg2 h6 28. Rc5 Qd8 29. Qe5 Re1 30. Qc3 Qd1 31. Rxa5 Rg1+ 32. Kh3 Qf1+ 33. Kg4 Nd5 34. Bxd5 cxd5 35. Qe3 Rg2 36. Ra8+ Kh7 37. Qd3+ f5+ 38. Kf4 Qa1 39. Qe3 Qf6 40. Kf3 Rxh2 41. Re8 d4 42. Qf4 Qg6 43. Re7 Qh5+ 44. g4 Qh4 45. Rxg7+ Kxg7 46. Qe5+ Kf7 47. Qc7+ Kg6 48. gxf5+ exf5 49. Qc6+ Kg5 50. Qc1+ Kh5 0-1

[Event "CCCSA GM Norm A 2019"]
[Site "Charlotte"]
[Date "2019.06.09"]
[Round "8.3"]
[White "Ostrovskiy, Aleksandr"]
[Black "Wang, Tianqi"]
[Result "1/2-1/2"]
[ECO "C67"]
[WhiteElo "2437"]
[BlackElo "2333"]
[Annotator "NA"]
[PlyCount "128"]
[EventDate "2019.06.05"]
[EventType "tourn"]
[EventCountry "USA"]
[SourceTitle "playchess.com"]
[Source "ChessBase"]
[SourceQuality "1"]
[TimeControl "5400+30"]

1. e4 e5 2. Nf3 Nc6 3. Bb5 Nf6 4. O-O Nxe4 5. Re1 Nd6 6. Nxe5 Be7 7. Bf1 Nxe5 8. Rxe5 O-O 9. d4 Ne8 10. d5 d6 11. Re1 Nf6 12. c4 h6 13. Nc3 Re8 14. Qf3 Bd7 15. Bf4 Bf8 16. Rxe8 Bxe8 17. Re1 Bd7 18. h3 Nh7 19. Bd3 g6 20. b3 Bg7 21. Bd2 Qf6 22. Qxf6 Nxf6 23. g4 a6 24. a4 Re8 25. Rxe8+ Nxe8 26. a5 c5 27. dxc6 Bxc6 28. b4 Nc7 29. b5 Bd7 30. b6 Ne6 31. Ne4 Nc5 32. Nxc5 dxc5 33. Be4 Bc8 34. Kg2 Bf8 35. f4 f5 36. Bd5+ Kh7 37. Kg3 Be7 38. Be3 Kg7 39. Bc1 h5 40. gxh5 gxh5 41. Bb2+ Kg6 42. h4 Bf8 43. Be5 Be7 44. Bf3 Bf8 45. Bb8 Be7 46. Bc7 Bf8 47. Bd1 Bd7 48. Bf3 Bc8 49. Bh1 Be7 50. Bg2 Bf8 51. Bd8 Bd6 52. Bf3 Bf8 53. Bg5 Bd6 54. Bd5 Bf8 55. Kg2 Bd6 56. Kf2 Bf8 57. Bf3 Bd6 58. Bd1 Bd7 59. Bf3 Bc8 60. Ke3 Bf8 61. Bd5 Bd6 62. Kf3 Bf8 63. Bd8 Bd6 64. Kg3 Bf8 1/2-1/2

[Event "CCCSA GM Norm A 2019"]
[Site "Charlotte"]
[Date "2019.06.09"]
[Round "8.4"]
[White "Korley, Kassa"]
[Black "Grigoryan, Karen H."]
[Result "1-0"]
[ECO "A48"]
[WhiteElo "2430"]
[BlackElo "2547"]
[Annotator "ChessBase"]
[PlyCount "117"]
[EventDate "2019.06.05"]
[EventType "tourn"]
[EventCountry "USA"]
[SourceTitle "playchess.com"]
[Source "ChessBase"]
[SourceQuality "1"]
[TimeControl "5400+30"]

1. d4 Nf6 2. Bf4 d6 3. e3 g6 4. c3 Bg7 5. Be2 O-O 6. Nf3 b6 7. h3 Bb7 8. Nbd2 Nbd7 9. O-O Re8 10. a4 e5 11. Bh2 a6 12. Qb3 Ne4 13. Nxe4 Bxe4 14. Nd2 Bb7 15. Bf3 e4 16. Be2 d5 17. Rfc1 c5 18. Qd1 c4 19. b3 b5 20. axb5 axb5 21. Rxa8 Bxa8 22. Ra1 Qb6 23. bxc4 dxc4 24. Qb1 Bd5 25. Ra2 Bf8 26. Rb2 b4 27. Nxc4 Qc6 28. cxb4 Bxc4 29. b5 Qd5 30. Bxc4 Qxc4 31. b6 Qe6 32. b7 Bd6 33. Bxd6 Qxd6 34. Rc2 Nb8 35. Rc8 Qd7 36. Qc2 Kf8 37. Qc5+ Qe7 38. Rc7 Qxc5 39. dxc5 Rd8 40. c6 Ke8 41. g4 Nxc6 42. Rxc6 Kd7 43. Rf6 Ke7 44. Rb6 Rb8 45. g5 Kd7 46. Kg2 Kc7 47. Rb4 Rxb7 48. Rxb7+ Kxb7 49. Kg3 Kc6 50. Kf4 Kd5 51. h4 f5 52. gxf6 Ke6 53. Kxe4 Kxf6 54. Kf4 h6 55. Kg4 g5 56. hxg5+ hxg5 57. e4 Ke5 58. f3 Kf6 59. Kh5 1-0

[Event "CCCSA GM Norm A 2019"]
[Site "Charlotte"]
[Date "2019.06.09"]
[Round "8.5"]
[White "Yoo, Christopher Woojin"]
[Black "Jacobson, Brandon"]
[Result "1/2-1/2"]
[ECO "B09"]
[WhiteElo "2430"]
[BlackElo "2486"]
[Annotator "ChessBase"]
[PlyCount "78"]
[EventDate "2019.06.05"]
[EventType "tourn"]
[EventCountry "USA"]
[SourceTitle "playchess.com"]
[Source "ChessBase"]
[SourceQuality "1"]
[TimeControl "5400+30"]

1. e4 g6 2. d4 Bg7 3. Nc3 d6 4. f4 Nf6 5. Nf3 O-O 6. Bd3 Nc6 7. Be2 e5 8. dxe5 dxe5 9. Qxd8 Rxd8 10. fxe5 Ng4 11. Nd5 Rd7 12. Bg5 h6 13. Bh4 Ncxe5 14. Nxe5 Nxe5 15. O-O Kh8 16. Bg3 c6 17. Nf6 Rd2 18. Rae1 Nd7 19. Ne8 Bd4+ 20. Kh1 f6 21. c3 Be5 22. Bxe5 Nxe5 23. Rxf6 Kg8 24. Rd6 Rxd6 25. Nxd6 b5 26. Nxc8 Rxc8 27. Rd1 Kf7 28. Kg1 Ke7 29. Kf2 Rd8 30. Rd4 Rb8 31. Ke3 a5 32. Kf4 Ke6 33. h4 a4 34. h5 gxh5 35. Rd1 Rg8 36. g3 Rf8+ 37. Ke3 Rg8 38. Kf4 Rf8+ 39. Ke3 Rg8 1/2-1/2